 Dungeon Crawl Stone Soup version 0.22.1-2-g9c5b331 (webtiles) character file.

11 shakethe the Magician (level 2, -1/23 HPs)
             Began as a Gnoll Wanderer on Nov 20, 2018.
             Slain by a jackal (2 damage)
             ... on level 1 of the Dungeon.
             The game lasted 00:00:33 (75 turns).

shakethe the Magician (Gnoll Wanderer)                Turns: 75, Time: 00:00:34

Health: -1/23      AC:  2    Str: 14    XL:     2   Next: 29%
Magic:  7/7        EV: 13    Int: 14    God:
Gold:   11         SH:  5    Dex: 14    Spells: 10/10 levels left

rFire    . . .     SeeInvis .   b - +0 falchion
rCold    . . .     Gourm    .   c - +0 buckler
rNeg     . . .     Faith    .   d - +0 robe
rPois    .         Spirit   .   (no helmet)
rElec    .         Reflect  .   (no cloak)
rCorr    .         Harm     .   (no gloves)
MR       .....                  (no boots)
Stlth    +.........             (no amulet)
HPRegen  0.07/turn              (no ring)
MPRegen  0.10/turn              (no ring)

@: no status effects
A: distributed training, fangs 1, strong nose
a: no special abilities


You were on level 1 of the Dungeon.
You were not hungry.

You visited 1 branch of the dungeon, and saw 1 of its levels.

You collected 11 gold pieces.

Inventory:

Hand Weapons
 b - a +0 falchion (weapon)
Armour
 c - a +0 buckler (worn)
 d - a +0 robe (worn)
Jewellery
 e - a +4 ring of strength {unknown}
Scrolls
 g - a scroll of random uselessness {unknown}
Potions
 a - a potion of flight {unknown}
Comestibles
 f - a ration


   Skills:
 + Level 2.4 Fighting
 + Level 0.3 Short Blades
 + Level 2.4 Long Blades
 + Level 0.3 Axes
 + Level 0.3 Maces & Flails
 + Level 0.3 Polearms
 + Level 0.3 Staves
 + Level 0.3 Slings
 + Level 0.3 Bows
 + Level 0.3 Crossbows
 + Level 0.3 Throwing
 + Level 0.3 Armour
 + Level 2.4 Dodging
 + Level 0.3 Stealth
 + Level 4.4 Shields
 + Level 0.3 Unarmed Combat
 + Level 4.9 Spellcasting
 + Level 0.2 Conjurations
 + Level 0.2 Hexes
 + Level 0.2 Charms
 + Level 0.2 Summonings
 + Level 2.0 Necromancy
 + Level 0.2 Translocations
 + Level 3.7 Transmutations
 + Level 0.2 Fire Magic
 + Level 0.2 Ice Magic
 + Level 0.2 Air Magic
 + Level 0.2 Earth Magic
 + Level 0.2 Poison Magic
 + Level 0.4 Invocations
 + Level 0.3 Evocations


You had 10 spell levels left.
You didn't know any spells.
Your spell library contained the following spells:

 Spells                   Type           Power        Failure   Level  Hunger
 Passwall                 Tmut/Erth      #.......     12%         2    ##.....
 Sandblast                Erth           #.....       16%         1    None
 Stone Arrow              Conj/Erth      #.....       43%         3    ###....
 Petrify                  Tmut/Erth      #.......     61%         4    ####...
 Lee's Rapid Deconstruct  Erth           #.........   99%         5    ######.


Dungeon Overview and Level Annotations

Branches:
Dungeon (1/15)

Altars:


Innate Abilities, Weirdness & Mutations

Your experience applies equally to all skills.
You have very sharp teeth.
Your uncanny sense of smell can sniff out nearby items.


Message History

A jackal comes into view.
The goblin hits you.
* * * LOW HITPOINT WARNING * * *
The jackal barks!
You hit the goblin.
The goblin is moderately wounded.
The goblin barely misses you. The goblin closely misses you.
You barely miss the goblin.
The goblin is moderately wounded.
The goblin hits you.
* * * LOW HITPOINT WARNING * * *
You hit the goblin.
You kill the goblin!
You barely miss the jackal. You bite the jackal.
The jackal is moderately wounded.
You block the jackal's attack.
You barely miss the jackal.
The jackal is moderately wounded.
The jackal bites you.
You die...

....... ..... ##### ..#
.... .... ..## #.###.#
... #.....# ..#
###.#.#.### ..#
#.........# ..###..
####.#.#.#.#.###h......
#......#.#.....@#
##.#.###.###.#.##
#......<......#
#.#.###.###.#.#
#......#.#......#
####.#.#.#.#.####
#.........# ###.#.# ###
.....


You could see a jackal.

Vanquished Creatures
  A giant cockroach (D:1)
  A goblin (D:1)
  6 jackals (D:1)
  A rat (D:1)
9 creatures vanquished.

Notes
Turn   | Place    | Note
-------+----------+-------------------------------------------
     0 | D:1      | shakethe the Gnoll Wanderer began the quest for the Orb.
     0 | D:1      | shakethe set off with: a +0 falchion, a +0 buckler, a +0
                  | robe, a ration
     0 | D:1      | Reached XP level 1. HP: 17/17 MP: 6/6
    63 | D:1      | Reached XP level 2. HP: 11/23 MP: 7/7
    72 | D:1      | HP: 1/23 [goblin (3)]
    75 | D:1      | Slain by a jackal

Skill      XL: |  1 |
---------------+----+-----
Necromancy     | 2 |  2.0
Fighting       | |  2.4
Short Blades   | |  0.3
Long Blades    | |  2.4
Axes           | |  0.3
Maces & Flails | |  0.3
Polearms       | |  0.3
Staves         | |  0.3
Slings         | |  0.3
Bows           | |  0.3
Crossbows      | |  0.3
Throwing       | |  0.3
Armour         | |  0.3
Dodging        | |  2.4
Stealth        | |  0.3
Shields        | |  4.4
Unarmed Combat | |  0.3
Spellcasting   | |  4.9
Conjurations   | |  0.2
Hexes          | |  0.2
Charms         | |  0.2
Summonings     | |  0.2
Translocations | |  0.2
Transmutations | |  3.7
Fire Magic     | |  0.2
Ice Magic      | |  0.2
Air Magic      | |  0.2
Earth Magic    | |  0.2
Poison Magic   | |  0.2
Invocations    | |  0.4
Evocations     | |  0.3

Action                   || total
-------------------------++-------
Melee: Falchion          ||    38
       Bite              ||     5
Armor: Robe              ||     8
Dodge: Dodged            ||    28
Block: Buckler           ||     7
       Rpst.: Falchion   ||     7
